 Dungeon Crawl Stone Soup version 0.28-a0-823-gb444dcf96d (webtiles) character file.

Game seed: 17743658381299836950

63 cheechan the Bolt Thrower (level 4, -2/30 HPs)
             Began as an Octopode Hunter on Nov 9, 2021.
             Slain by an orc wizard (3 damage)
             ... on level 3 of the Dungeon.
             The game lasted 00:08:18 (2404 turns).

cheechan the Bolt Thrower (Octopode Hunter)         Turns: 2404, Time: 00:08:19

Health: -2/30      AC:  1    Str: 11    XL:     4   Next: 10%
Magic:  0/4        EV: 13    Int: 13    God:
Gold:   65         SH:  0    Dex: 13    Spells: 3/3 levels left

rFire   . . .      SeeInvis .   k - +2 short sword (venom)
rCold   . . .      Faith    .   (no shield)
rNeg    . . .      Spirit   +   (helmet restricted)
rPois   .          Reflect  .   b - amulet of guardian spirit
rElec   .          Harm     .   (no ring)
rCorr   .          Rampage  .   (no ring)
Will    .....                   (no ring)
Stlth   +++.......              (no ring)
HPRegen 0.10/turn               (no ring)
MPRegen 0.09/turn               (no ring)
                                (no ring)
                                (no ring)

@: no status effects
A: almost no armour, amphibious, 8 rings, camouflage 1, gelatinous body 1,
(nimble swimmer 1), tentacles
a: no special abilities


You were on level 3 of the Dungeon.
You visited 1 branch of the dungeon, and saw 3 of its levels.

You collected 65 gold pieces.

Inventory:

Hand Weapons
 a - a +1 hand crossbow
 f - a +0 hunting sling
 i - a +1 short sword of freezing
 k - a +2 short sword of venom (weapon)
Missiles
 c - 6 bolts
 e - 18 arrows
 j - 23 sling bullets
Jewellery
 b - an amulet of guardian spirit (around mantle)
Scrolls
 d - a scroll of teleportation
 g - 2 scrolls of enchant armour
Potions
 h - a potion of berserk rage
 l - a potion of haste {unknown}
 m - a potion of resistance {unknown}
 n - a potion of attraction {unknown}
 o - a potion of invisibility {unknown}


   Skills:
 + Level 2.5 Fighting
 + Level 5.2 Crossbows
 + Level 2.1 Dodging
 + Level 1.6 Stealth


You had 3 spell levels left.
You didn't know any spells.
Your spell library was empty.

Dungeon Overview and Level Annotations

Branches:
Dungeon (3/15)

Altars:
Yredelemnul


Innate Abilities, Weirdness & Mutations

You cannot wear most types of armour.
You are amphibious.
You can wear up to eight rings at the same time.
Your skin changes colour to match your surroundings (Stealth+).
Your rubbery body absorbs attacks. (AC +1, EV +1)
((You are camouflaged near water. (Stealth+)))
You have tentacles for arms and can constrict up to eight enemies at once.


Message History

Really target yourself? [Y]es or [N]o only, please.
Really target yourself? [Y]es or [N]o only, please.
Really target yourself? [Y]es or [N]o only, please.
Really target yourself?
Okay, then.
Fire: 24 sling bullets
Press: ? - help, Q - select action Shift-Dir - straight line You shoot a sling bullet.
Unknown command.
Your +2 short sword of venom begins to drip with poison!
k - a +2 short sword of venom (weapon)
A puff of flame appears from out of thin air!
The puff of flame hits you!
You closely miss something. Something barely misses you.
You closely miss something. Your squeeze misses something.
Something barely misses you.
You closely miss something. You squeeze something!
You hear some strange, mumbled words.
A puff of flame appears from out of thin air!
The puff of flame hits you!
* * * LOW HITPOINT WARNING * * *
You miss something. Your squeeze misses something.
You hear some strange, mumbled words.
A puff of flame appears from out of thin air!
The puff of flame hits you.
* * * LOW HITPOINT WARNING * * *
You closely miss something. Something hits you.
* * * LOW HITPOINT WARNING * * *
You hear some strange, mumbled words.
Something tries to affect you, but you resist.
You completely miss something. Something hits you.
* * * LOW HITPOINT WARNING * * *
Okay, then.
You hit something. Something hits you.
* * * LOW HITPOINT WARNING * * *
You barely miss something. Something hits you.
You die...

.## ...# ##..# . .. .....##
##.. ..####..(..## #...#.
.(.(#......(###..# ..
..(...(....#...# .#
#(......({@.#####.#
.#........#(.(.<.#.###
...#..(.....(...#......
...(..()....###....#########
$...(.(.<..................#
...#....................##
..........##..###.##.##..###
####..##.........##.......#.
#.......####..>..##......


There were no monsters in sight!

Vanquished Creatures
  An adder (D:2)
  An adder skeleton (D:3)
  3 dart slugs
  2 orcs (D:3)
  4 ball pythons
  2 bats
  3 endoplasms
  A giant cockroach (D:1)
  3 hobgoblins
  3 quokkas
  3 frilled lizards (D:1)
  7 goblins
  4 kobolds
  6 rats
43 creatures vanquished.

Vanquished Creatures (others)
  A plant (D:1)
1 creature vanquished.

Grand Total: 44 creatures vanquished

Notes
Turn   | Place    | Note
-------+----------+-------------------------------------------
     0 | D:1      | cheechan the Octopode Hunter began the quest for the Orb.
     0 | D:1      | Reached XP level 1. HP: 14/14 MP: 1/1
   418 | D:1      | Reached XP level 2. HP: 19/19 MP: 2/2
   426 | D:1      | Found a faded altar of an unknown god.
  1187 | D:2      | Reached XP level 3. HP: 16/24 MP: 3/3
  1308 | D:2      | Found a basalt altar of Yredelemnul.
  2312 | D:3      | Reached skill level 5 in Crossbows
  2332 | D:3      | Reached XP level 4. HP: 22/30 MP: 4/4
  2403 | D:3      | HP: 1/30 [something (2)]
  2404 | D:3      | Slain by an orc wizard

Illustrated notes

Levels and vault maps discovered:
D:1:      matt_arrival_los_fun, layout_loops_ring,
          hellmonk_ecumenical_altar_run_dry, serial_bayou_pond_d
D:2:      layout_basic, basic_altar
D:3:      layout_rooms

Skill      XL: |  1  2  3 |
---------------+----------+-----
Crossbows      | 5 |  5.2
Fighting       | |  2.5
Dodging        | |  2.1
Stealth        | |  1.6

Action                   |  1- 3 |  4- 6 || total
-------------------------+-------+-------++-------
Melee: Hand crossbow     |    18 |       ||    18
       Constrict         |     4 |       ||     4
       Tentacles         |     3 |     1 ||     4
       Short sword       |       |     8 ||     8
 Fire: Hand crossbow     |    65 |       ||    65
       Hunting sling     |     6 |    12 ||    18
  Use: Scroll            |     4 |       ||     4
 Stab: Sleeping          |     1 |       ||     1
Armor: Skin              |     4 |       ||     4
Dodge: Dodged            |    33 |     3 ||    36

Table legend: (Time is in decaauts)
 A = Elapsed time spent in this place.
 B = Non-inter-level travel time spent in this place.
 C = Inter-level travel time spent in this place.
 D = Time resting spent in this place.
 E = Time spent auto-exploring this place.
 F = Levels seen in this place.
 G = Mean time per level.
                   A        B        C        D        E       F      G
               +--------+--------+--------+--------+--------+-----+--------+
         Total |   2432 |   2432 |      0 |      0 |      0 |   3 |  810.7 |
       Dungeon |   2432 |   2432 |      0 |      0 |      0 |   3 |  810.7 |
               +--------+--------+--------+--------+--------+-----+--------+

Top non-repeatable levels by time:
     D:2: 1248 daAuts
     D:1: 1079 daAuts
     D:3: 104 daAuts
